 Dungeon Crawl Stone Soup version 0.26-a0-660-gc07710193c (webtiles) character file.

Game seed: 1170609706536375098

78 Decritt the Firebug (level 4, -2/33 HPs)
             Began as a Draconian Fire Elementalist on Oct 6, 2020.
             Shot with an arrow by a centaur (9 damage)
             ... on level 6 of the Dungeon.
             The game lasted 00:08:59 (2456 turns).

Decritt the Firebug (Draconian Fire Elementalist)   Turns: 2456, Time: 00:08:59

Health: -2/33      AC:  5    Str: 10    XL:     4   Next: 15%
Magic:  8/8        EV: 12    Int: 17    God:
Gold:   49         SH:  0    Dex: 11    Spells: 6/8 levels left

rFire    . . .     SeeInvis .   k - +2 spear (venom)
rCold    . . .     Faith    .   (no shield)
rNeg     . . .     Spirit   .   (armour unavailable)
rPois    .         Reflect  .   (helmet restricted)
rElec    .         Harm     .   (no cloak)
rCorr    .         Rampage  .   (no gloves)
MR       .....                  (no boots)
Stlth    ++........             (no amulet)
HPRegen  0.11/turn              (no ring)
MPRegen  0.11/turn              (no ring)

@: no status effects
A: unfitting armour, cold-blooded, AC +5
a: no special abilities


You were on level 6 of the Dungeon.
You visited 1 branch of the dungeon, and saw 4 of its levels.

You collected 49 gold pieces.

Inventory:

Hand Weapons
 k - a +2 spear of venom (weapon)
Missiles
 c - 17 poisoned darts (quivered)
Scrolls
 a - 4 scrolls of identify {unknown}
 b - 2 scrolls of remove curse {unknown}
 d - a scroll of amnesia {unknown}
 f - 2 scrolls of teleportation {unknown}
 g - a scroll of magic mapping {unknown}
 i - a scroll of enchant armour {unknown}
 j - a scroll of blinking {unknown}
Potions
 e - a potion of curing {unknown}
 h - a potion of heal wounds {unknown}


   Skills:
 - Level 1.7 Dodging
 - Level 1.7 Stealth
 * Level 2.7 Spellcasting
 + Level 2.1 Conjurations
 + Level 4.1 Fire Magic


You had 6 spell levels left.
You knew the following spells:

 Your Spells              Type           Power        Failure   Level
a - Foxfire               Conj/Fire      ##..         4%          1
b - Magic Dart            Conj           #...         8%          1

Your spell library contained the following spells:

 Spells                   Type           Power        Failure   Level
 Conjure Flame            Conj/Fire      ##......     16%         3
 Inner Flame              Hex/Fire       #.......     24%         3
 Blink                    Tloc           N/A          26%         2
 Call Imp                 Summ           #.......     26%         2
 Slow                     Hex            #.......     26%         2
 Mephitic Cloud           Conj/Pois/Air  #.......     38%         3
 Sticky Flame             Conj/Fire      ##......     45%         4
 Fireball                 Conj/Fire      ##........   80%         5


Dungeon Overview and Level Annotations

Branches:
Dungeon (3/15)

Altars:
Ashenzari

Shops:
D:6 ?


Innate Abilities, Weirdness & Mutations

Your plain brown scales are hard. (AC +5)
You cannot fit into any form of body armour.
You are cold-blooded and may be slowed by cold attacks.


Message History

Found a leather armour and 17 stones.
You hear the slow rusting of a distant drain.
Found Neblivoneze's Magic Scroll Shoppe.
A centaur comes into view.
The centaur shouts!
The centaur wields a +0 shortbow.
The centaur shoots an arrow.
The arrow hits you.
You see here an arrow.
A worker ant comes into view.
The centaur shoots an arrow.
The arrow closely misses you.
The centaur shoots an arrow.
The arrow hits you!
The centaur shoots an arrow.
The arrow hits you!
* * * LOW HITPOINT WARNING * * *
You see here an arrow.
The centaur shoots an arrow.
The arrow hits you.
* * * LOW HITPOINT WARNING * * *
There is a stone staircase leading up here.
You see here an arrow.
The centaur shoots an arrow.
The arrow hits you!
You die...

.......# #.# #.#
........# #.#
#.# .......# #.#
......###.#
..........#
#.##.....#
#######.#......#
...........)..##
....[..@(.....#
.......((..(..#
..............#
......!......(#
.......$......#
..............#
...B##.###∩...#
.... c. ....#
... ### .####


You could see a centaur and a worker ant.

Vanquished Creatures
  An adder (D:2)
  An ooze (D:2)
  A worm (D:2)
  A dart slug (D:2)
  2 leopard geckos
  6 bats
  5 giant cockroaches
  12 goblins
  6 hobgoblins
  6 kobolds
  5 frilled lizards
  10 rats
56 creatures vanquished.

Vanquished Creatures (others)
  108 foxfires
108 creatures vanquished.

Grand Total: 164 creatures vanquished

Notes
Turn   | Place    | Note
-------+----------+-------------------------------------------
     0 | D:1      | Decritt the Draconian Fire Elementalist began the quest for
                  | the Orb.
     0 | D:1      | Reached XP level 1. HP: 14/14 MP: 3/3
   369 | D:1      | Reached XP level 2. HP: 18/20 MP: 0/5
   848 | D:1      | Reached XP level 3. HP: 26/26 MP: 2/6
  1608 | D:2      | Reached skill level 4 in Fire Magic
  1771 | D:2      | Found a broken altar of Ashenzari.
  1792 | D:2      | Learned a level 1 spell: Magic Dart
  1967 | D:2      | Reached XP level 4. HP: 33/33 MP: 0/7
  2400 | D:3      | You fall into a shaft and drop 3 floors!
  2450 | D:6      | Found Neblivoneze's Magic Scroll Shoppe.
  2451 | D:6      | Noticed a centaur
  2456 | D:6      | Shot with an arrow by a centaur

Illustrated notes

Levels and vault maps discovered:
D:1:      dpeg_arrival_houses_and_road, layout_basic
D:2:      layout_basic, ashenzari_altar_1
D:3:      layout_rooms, kennysheep_generic_room_15
D:6:      layout_basic, basic_altar, serial_shops, shop,
          gammafunk_ghost_nasty_kobolds, lightli_sewer_entry_pipes,
          nicolae_benzene_ring

Skill      XL: |  1  2  3 |
---------------+----------+-----
Fire Magic     | 4 |  4.1
Conjurations   | 2 |  2.1
Dodging        | |  1.7
Stealth        | |  1.7
Spellcasting   | |  2.7

Action                   |  1- 3 |  4- 6 || total
-------------------------+-------+-------++-------
Melee: Unarmed           |     7 |       ||     7
       Spear             |       |     6 ||     6
       Tailslap          |       |     1 ||     1
 Cast: Foxfire           |    73 |       ||    73
       Magic Dart        |     7 |    17 ||    24
Armor: Skin              |    10 |     1 ||    11
Dodge: Dodged            |    37 |     7 ||    44

Table legend: (Time is in decaauts)
 A = Elapsed time spent in this place.
 B = Non-inter-level travel time spent in this place.
 C = Inter-level travel time spent in this place.
 D = Time resting spent in this place.
 E = Time spent auto-exploring this place.
 F = Levels seen in this place.
 G = Mean time per level.
                   A        B        C        D        E       F      G
               +--------+--------+--------+--------+--------+-----+--------+
         Total |   2455 |   2451 |      4 |     88 |   1972 |   4 |  613.8 |
       Dungeon |   2455 |   2451 |      4 |     88 |   1972 |   4 |  613.8 |
               +--------+--------+--------+--------+--------+-----+--------+

Top non-repeatable levels by time:
     D:2: 1364 daAuts
     D:1: 1025 daAuts
     D:6: 55 daAuts
     D:3: 9 daAuts
